 Dungeon Crawl Stone Soup version 0.28-a0-1624-g820543e53a (webtiles) character file.

Game seed: 4111826160051955069

2429 hatsuma the Covert (level 9, -1/42 HPs)
             Began as a Spriggan Artificer on Jan 22, 2022.
             Was a High Priest of Lugonu.
             Slain by Harold (2 damage)
             ... on level 7 of the Dungeon on Jan 23, 2022.
             The game lasted 01:08:37 (10762 turns).

hatsuma the Covert (Spriggan Artificer)            Turns: 10762, Time: 01:08:37

Health: -1/42      AC:  3    Str:  8    XL:     9   Next: 24%
Magic:  10/10      EV: 21    Int: 19    God:    Lugonu [*****.]
Gold:   299        SH:  0    Dex: 19    Spells: 8/8 levels left

rFire   . . .      SeeInvis +   o - +5 dagger (venom)
rCold   . . .      Faith    .   (no shield)
rNeg    + . .      Spirit   .   k - +0 robe {Will+}
rPois   .          Reflect  .   (helmet restricted)
rElec   .          Harm     .   n - +0 cloak
rCorr   .          Rampage  .   (gloves unavailable)
Will    ++...                   (boots unavailable)
Stlth   +++++.....              (no amulet)
HPRegen 0.14/turn               j - +6 ring of intelligence
MPRegen 0.12/turn               r - ring of positive energy

@: marked, very quick
A: very small, no large weapons, unfitting armour, see invisible, speed 3
a: Renounce Religion, Depart the Abyss, Bend Space, Banish, Corrupt, Enter the
Abyss


You were on level 7 of the Dungeon.
You worshipped Lugonu.
Lugonu was extremely pleased with you.
You visited 1 branch of the dungeon, and saw 7 of its levels.

You collected 299 gold pieces.

Inventory:

Hand Weapons
 o - a +5 dagger of venom (weapon)
 w - the +3 dagger of Loucew {vorpal, rN+ Dex+7}
   (You found it on level 3 of the Dungeon)

   It inflicts extra damage upon your enemies.
   Dex:       It affects your dexterity (+7).
   rN:        It protects you from negative energy.
Missiles
 a - 146 sling bullets
 h - 141 arrows
 y - 2 throwing nets
Armour
 k - a +0 robe of willpower (worn)
 n - a +0 cloak (worn)
Jewellery
 b - an amulet of faith
 j - a +6 ring of intelligence (left hand)
 r - a ring of positive energy (right hand)
 B - the ring "Jewacir" {Fire Str+4}
   (You found it on level 4 of the Dungeon)

   [ring of fire]

   It enhances your fire magic.
   Str:       It affects your strength (+4).
   rF:        It protects you from fire.
   rC:        It makes you vulnerable to cold.
Wands
 c - a wand of flame (26) (quivered)
 d - a wand of charming (11)
 i - a wand of acid (10)
 s - a wand of polymorph (3)
Scrolls
 f - a scroll of acquirement {unknown}
 m - 3 scrolls of fear
 p - 2 scrolls of vulnerability
 q - a scroll of brand weapon {unknown}
 t - a scroll of holy word
 u - a scroll of magic mapping {unknown}
 z - 2 scrolls of enchant armour {unknown}
 A - a scroll of teleportation
 C - 2 scrolls of immolation
 E - a scroll of blinking {unknown}
Potions
 g - a potion of flight {unknown}
 l - 3 potions of haste
 v - 3 potions of mutation {unknown}
 x - 2 potions of curing
 D - 2 potions of heal wounds
Miscellaneous
 e - a piece from Xom's chessboard (11/15)


   Skills:
 - Level 2.0 Fighting
 - Level 9.0 Short Blades
 - Level 1.0 Armour
 - Level 6.6 Dodging
 - Level 10.0 Stealth
 - Level 1.0 Invocations
 + Level 6.3 Evocations


You had 8 spell levels left.
You didn't know any spells.
Your spell library contained the following spells:

 Spells                   Type           Power      Damage    Failure   Level
 Magic Dart               Conj           0%         1d3       21%         1
 Call Imp                 Summ           0%         N/A       30%         2
 Mephitic Cloud           Conj/Pois/Air  0%         N/A       52%         3
 Chain Lightning          Conj/Air       0%         N/A       100%        9
 Fire Storm               Conj/Fire      0%         5d1       100%        9
 Shatter                  Erth           0%         3d5*      100%        9


Dungeon Overview and Level Annotations

Branches:
Dungeon (7/15)             Temple (0/1) D:7

Altars:
Elyvilon
Fedhas
Gozag
Kikubaaqudgha
Nemelex Xobeh
Sif Muna
Trog
Lugonu

Annotations:
D:2 Sigmund
D:4 2 transporters, parzival7114810's ghost, amateur HOFi
D:6 Duvessa
D:7 Harold


Innate Abilities, Weirdness & Mutations

You are very small and have problems with some larger weapons.
You are too small for most types of armour.
You have supernaturally acute eyesight. (SInv)
You cover ground extremely quickly. (Speed+++)


Message History

Harold is lightly wounded.
You hit Harold.
Harold looks as sick as possible!
Harold is lightly wounded.
You hit Harold but do no damage.
Harold looks as sick as possible!
Harold is lightly wounded.
Harold hits you with a +3 vorpal hand axe!!
Ouch! That really hurt!
You barely miss Harold.
Harold is moderately wounded.
You hit Harold.
Harold looks as sick as possible!
Harold is moderately wounded.
Harold barely misses you.
You hit Harold.
Harold looks as sick as possible!
Harold is moderately wounded.
You hit Harold.
Harold looks as sick as possible!
Harold is moderately wounded.
You hit Harold but do no damage.
Harold looks as sick as possible!
Harold is moderately wounded.
Harold barely misses you.
You closely miss Harold. You punch Harold, but do no damage.
Harold is heavily wounded.
You barely miss Harold.
Harold is heavily wounded.
Harold barely misses you.
You hit Harold but do no damage.
Harold looks as sick as possible!
Harold is heavily wounded.
You hit Harold but do no damage.
Harold is heavily wounded.
You hit Harold.
Harold looks as sick as possible!
Harold is heavily wounded.
Harold misses you.
You hit Harold.
Harold looks as sick as possible!
Your punch misses Harold.
Harold is severely wounded.
You hit Harold.
Harold looks as sick as possible!
Harold is severely wounded.
You hit Harold.
Harold looks as sick as possible!
Harold is severely wounded.
Harold hits you with a +3 vorpal hand axe!
* * * LOW HITPOINT WARNING * * *
You die...

.#.#.#.##....############'##
#.#.#..##....# #........#
.#.#....#....# #........#
........#....## #........#
........#....<# #........#
..####.##..(..### #........#
..).....'.......# #........#
.#.###.##.....#(#########.##
.#..##.)....#.#.@@.........#
.##.##.####.#.#..≈≈≈≈≈≈≈≈..#
.##..#.# #.#.#..≈....§§.≈.##
.###.#.####...##.≈..≈≈§§.≈.<# .#
#.#........##.≈.≈...§.≈..# ##
#.#.####...##.≈.§._.≈.≈..#
#...####.####.≈.§...≈.≈..#####
#####..##...# #..≈.§≈≈≈≈.≈......#
#......##.#####..≈.......≈.####.#


You could see Harold (extremely poisoned, slow).

Vanquished Creatures
  A shadow (D:5)
  3 water moccasins
  2 ice beasts
  A black bear (D:7)
  A sky beast (D:5)
  A necrophage (D:6)
  An ogre (D:5)
  A centaur (D:6)
  2 phantoms (D:5)
  A bullfrog (D:7)
  2 scorpions (D:5)
  Blork the orc (D:4)
  Dowan (D:6)
  A howler monkey (D:5)
  A centaur zombie (D:7)
  2 bullfrog skeletons
  A jelly (D:3)
  A bullfrog zombie (D:5)
  2 hounds
  Natasha (twice) (D:3)
  Terence (D:3)
  7 iguanas
  A howler monkey zombie (D:7)
  Robin (D:3)
  7 adders
  8 river rats (D:5)
  A white imp (D:6)
  2 ufetubi (D:5)
  2 dart slugs
  11 orcs
  2 endoplasms
  5 giant cockroaches
  13 goblins
  8 hobgoblins
  4 jackals
  10 kobolds
  7 quokkas
  8 ball pythons
  4 bats
  6 frilled lizards
  A quokka skeleton (D:4)
  23 rats
160 creatures vanquished.

Vanquished Creatures (collateral kills)
  A black bear (D:6)
  A killer bee zombie (D:6)
2 creatures vanquished.

Vanquished Creatures (others)
  6 fungi (D:3)
  4 plants (D:3)
10 creatures vanquished.

Grand Total: 172 creatures vanquished

Notes
Turn   | Place    | Note
-------+----------+-------------------------------------------
     0 | D:1      | hatsuma the Spriggan Artificer began the quest for the Orb.
     0 | D:1      | Reached XP level 1. HP: 9/9 MP: 2/2
    20 | D:1      | Reached skill level 1 in Fighting
    28 | D:1      | Reached skill level 2 in Stealth
   154 | D:1      | Reached skill level 1 in Short Blades
   612 | D:1      | Reached XP level 2. HP: 9/14 MP: 3/3
   812 | D:1      | Found a faded altar of an unknown god.
   834 | D:1      | Prayed at the altar of an unknown god.
   834 | D:1      | Became a worshipper of Lugonu the Unformed
   834 | D:1      | Reached * piety under Lugonu
   834 | D:1      | Reached ** piety under Lugonu
  1314 | D:1      | You fall into a shaft and drop 1 floor!
  1738 | D:2      | Reached skill level 3 in Stealth
  1738 | D:2      | Reached XP level 3. HP: 18/18 MP: 4/4
  2543 | D:2      | Noticed Sigmund
  2630 | D:3      | Reached XP level 4. HP: 22/22 MP: 5/5
  2723 | D:3      | Reached skill level 4 in Stealth
  2748 | D:3      | Noticed Robin
  2781 | D:3      | Reached *** piety under Lugonu
  2784 | D:3      | HP: 1/22 [goblin[Robin] (5)]
  3107 | D:3      | Killed Robin
  3114 | D:3      | Reached skill level 1 in Armour
  3364 | D:3      | Noticed Terence
  3370 | D:3      | Killed Terence
  3476 | D:3      | Reached XP level 5. HP: 18/25 MP: 6/6
  3584 | D:3      | Noticed Natasha
  3626 | D:3      | Noticed Natasha
  3626 | D:3      | Natasha changed into Natasha the giant cockroach
  3634 | D:3      | Killed Natasha the giant cockroach
  3689 | D:3      | Identified the +3 dagger of Loucew {vorpal, rN+ Dex+7}
  3707 | D:3      | Noticed Natasha
  3724 | D:3      | Killed Natasha
  4009 | D:3      | Reached skill level 5 in Stealth
  4059 | D:3      | Found a blossoming altar of Fedhas.
  4232 | D:4      | Found a sparkling altar of Nemelex Xobeh.
  4354 | D:4      | Reached skill level 1 in Invocations
  4619 | D:3      | Noticed Natasha
  4635 | D:3      | Killed Natasha
  4701 | D:4      | Reached XP level 6. HP: 27/30 MP: 7/7
  4828 | D:4      | Noticed Blork the orc
  4887 | D:4      | Killed Blork the orc
  4888 | D:4      | Reached skill level 5 in Short Blades
  5144 | D:4      | Identified the ring "Jewacir" {Fire Str+4}
  5168 | D:4      | Found a white marble altar of Elyvilon.
  5210 | D:4      | Found a transporter.
  5210 | D:4      | Noticed parzival7114810's ghost (amateur HOFi)
  5212 | D:4      | Identified the +5 great mace of the Distant Future {vamp,
                  | rElec Str-3 Int+5 Stlth+}
  5243 | D:4      | Found a transporter.
  5623 | D:5      | Entered Level 5 of the Dungeon
  5632 | D:5      | Found a shimmering blue altar of Sif Muna.
  5645 | D:5      | Noticed a water moccasin
  5672 | D:5      | Reached skill level 6 in Stealth
  5804 | D:5      | Reached XP level 7. HP: 33/33 MP: 8/8
  5982 | D:5      | Reached **** piety under Lugonu
  6248 | D:5      | Reached skill level 7 in Stealth
  6416 | D:5      | Reached skill level 5 in Evocations
  6594 | D:5      | Reached skill level 5 in Dodging
  6594 | D:5      | Reached XP level 8. HP: 39/39 MP: 9/9
  6954 | D:6      | Found an ancient bone altar of Kikubaaqudgha.
  6966 | D:6      | Reached skill level 8 in Stealth
  7178 | D:6      | Noticed Duvessa
  7182 | D:6      | Noticed Dowan
  7198 | D:6      | Upgraded the game from 0.28-a0-1616-g050a50673c to
                  | 0.28-a0-1624-g820543e53a
  8194 | D:6      | Killed Dowan
  8971 | D:5      | Reached ***** piety under Lugonu
  9204 | D:5      | Reached XP level 9. HP: 17/42 MP: 10/10
  9523 | D:6      | Found a bloodstained altar of Trog.
  9852 | D:7      | Reached skill level 9 in Stealth
  9942 | D:7      | Found a staircase to the Ecumenical Temple.
  9975 | D:7      | Found an opulent altar of Gozag.
 10189 | D:7      | Reached skill level 10 in Stealth
 10507 | D:7      | Noticed Harold
 10762 | D:7      | HP: 1/42 [Harold (14)]
 10762 | D:7      | Slain by Harold

Illustrated notes

Levels and vault maps discovered:
D:1:      grunt_arrival_lava_bath, layout_rooms,
          hellmonk_ecumenical_altar_crossroads
D:2:      layout_loops_corners, grunt_ministairs_14, uniq_sigmund
D:3:      layout_loops_ring, fedhas_altar_3, uniq_terence, uniq_robin,
          uniq_natasha
D:4:      layout_basic, lemuel_crystal_altar, nemelex_diamond_rough_becter,
          gammafunk_ghost_smash, uniq_blork_the_orc
D:5:      lemuel_ratsnest, layout_cave_pods, nicolae_sif_muna_condensation,
          eino_tiny_chamber, amcnicky_mini_corridor_feature,
          mrwooster_statue_mirror
D:6:      layout_rooms, kiku_gazebo_pond_becter, trog_book, minmay_crossroads,
          uniq_duvessa
D:7:      layout_basic, mainiacjoe_overflow_concentric_impassable,
          minmay_temple_entry_grid, uniq_harold

Skill      XL: |  1  2  3  4  5  6  7  8  9 |
---------------+----------------------------+-----
Fighting       | 1 2 |  2.0
Stealth        | 2 3 4 5 6 7 8 10 | 10.0
Short Blades   | 1 2 3 4 5 6 8 9 |  9.0
Armour         | 1 |  1.0
Invocations    | 1 |  1.0
Dodging        | 4 5 6 |  6.6
Evocations     | 5 6 |  6.3

Action                   |  1- 3 |  4- 6 |  7- 9 || total
-------------------------+-------+-------+-------++-------
Melee: Dagger            |   111 |   170 |   393 ||   674
       Club              |     6 |       |       ||     6
       Punch             |     1 |     2 |     6 ||     9
 Fire: Hunting sling     |       |     1 |       ||     1
Evoke: Wand              |     7 |     6 |     2 ||    15
       Piece from Xom's  |     6 |     4 |    10 ||    20
  Use: Scroll            |       |     6 |     6 ||    12
 Stab: Sleeping          |     6 |     8 |    11 ||    25
       Distracted        |     1 |       |       ||     1
       Petrifying        |     1 |       |       ||     1
       Petrified         |       |       |     1 ||     1
Armor: Robe              |    13 |    17 |    28 ||    58
Dodge: Dodged            |    71 |   111 |   201 ||   383

Table legend: (Time is in decaauts)
 A = Elapsed time spent in this place.
 B = Non-inter-level travel time spent in this place.
 C = Inter-level travel time spent in this place.
 D = Time resting spent in this place.
 E = Time spent auto-exploring this place.
 F = Levels seen in this place.
 G = Mean time per level.
                   A        B        C        D        E       F      G
               +--------+--------+--------+--------+--------+-----+--------+
         Total |   8615 |   8185 |    430 |   3892 |   2156 |   7 | 1230.7 |
       Dungeon |   8615 |   8185 |    430 |   3892 |   2156 |   7 | 1230.7 |
               +--------+--------+--------+--------+--------+-----+--------+

Top non-repeatable levels by time:
     D:5: 2710 daAuts
     D:1: 1330 daAuts
     D:3: 1123 daAuts
     D:2: 1098 daAuts
     D:4: 967 daAuts
     D:6: 734 daAuts
     D:7: 651 daAuts
